 Dungeon Crawl Stone Soup version 0.23.2-1-ga50397a (webtiles) character file.

Game seed: 9872983496445378660

6222 MalarOregon the Covert (level 10, -11/87 (88) HPs)
             Began as a Ghoul Gladiator on May 26, 2019.
             Was a Priest of Makhleb.
             Mangled by a yak (12 damage)
             ... on level 9 of the Dungeon.
             The game lasted 00:20:41 (11192 turns).

MalarOregon the Covert (Ghoul Gladiator)           Turns: 11192, Time: 00:20:42

HP:   -11/87 (88)   AC:  7    Str: 19    XL:     10   Next: 92%
MP:   13/13         EV: 17    Int:  9    God:    Makhleb [***...]
Gold: 304           SH:  0    Dex: 10    Spells: 9/9 levels left

rFire    . . .     SeeInvis .   a - +7 mace of Variability {chain chaos}
rCold    + . .     Gourm    .   (shield currently unavailable)
rNeg     + + +     Faith    .   D - +1 robe of Theory {rPois Regen+ Int+3}
rPois    ∞         Spirit   .   c - +0 helmet
rElec    .         Reflect  .   (no cloak)
rCorr    .         Harm     .   p - +2 pair of gloves
MR       .....                  (no boots)
Stlth    ++++......             (no amulet)
HPRegen  0.00/turn              q - ring of wizardry
MPRegen  0.13/turn              A - +2 ring of evasion

@: rotting
A: rotting body, claws 1, carnivore, cold resistance 1, negative energy
resistance 3, inhibited regeneration, torment resistance, unbreathing
a: Minor Destruction, Lesser Servant of Makhleb, Renounce Religion


You were on level 9 of the Dungeon.
You worshipped Makhleb.
Makhleb was most pleased with you.
You were not hungry.

You visited 2 branches of the dungeon, and saw 10 of its levels.
You also visited: Ossuary.

You collected 559 gold pieces.
You spent 255 gold pieces at shops.

Inventory:

Hand Weapons
 a - the +7 mace of Variability (weapon) {chain chaos}
   (You found it on level 8 of the Dungeon)

   Each time it hits an enemy it has a different, random effect.
 b - a +2 dagger of venom
   (You took it off an orc wizard on level 6 of the Dungeon)
 n - a +0 blowgun
   (You took it off a kobold on level 3 of the Dungeon)
 B - a +1 falchion
   (You took it off a wight on level 7 of the Dungeon)
 E - a +1 rapier
Missiles
 h - 297 stones (quivered)
 k - 55 poisoned needles
 o - 3 throwing nets {!f}
Armour
 c - a +0 helmet (worn)
 p - a +2 pair of gloves (worn)
   (You found it on level 4 of the Dungeon)
 D - the +1 robe of Theory (worn) {rPois Regen+ Int+3}
   (You bought it in a shop on level 8 of the Dungeon)

   It affects your intelligence (+3).
   It protects you from poison.
   It increases your rate of regeneration.
Jewellery
 q - a ring of wizardry (left hand)
   (You found it on level 1 of the Dungeon)
 A - a +2 ring of evasion (right hand)
   (You found it on level 6 of the Dungeon)
Wands
 d - a wand of iceblast (9)
   (You found it on level 3 of the Dungeon)
 t - a wand of flame (14)
   (You took it off Ijyb on level 4 of the Dungeon)
Scrolls
 f - 3 scrolls of amnesia
 g - 5 scrolls of remove curse {@r2}
 j - a scroll of enchant weapon
 l - 2 scrolls of teleportation {@r4}
 m - 7 scrolls of identify {@r1}
 r - 2 scrolls of fear
 x - a scroll of blinking
 y - a scroll of vulnerability {unknown}
 C - 2 scrolls of enchant armour {unknown}
 F - a scroll of noise {unknown}
Potions
 s - a potion of flight
 u - a potion of ambrosia
 v - a potion of brilliance
 w - 2 potions of heal wounds {@q2}
 z - a potion of haste {@q3}
Comestibles
 e - 12 rations {!d}


   Skills:
 + Level 7.8 Fighting
 - Level 6.0 Short Blades
 + Level 3.0 Maces & Flails
 + Level 6.4 Throwing
 + Level 6.8 Dodging
 + Level 8.0 Stealth
 + Level 5.4 Invocations


You had 9 spell levels left.
You didn't know any spells.
Your spell library contained the following spells:

 Spells                   Type           Power        Failure   Level  Hunger
 Freeze                   Ice            #...         16%         1    ##.....
 Magic Dart               Conj           #...         16%         1    ##.....
 Blink                    Tloc           N/A          24%         2    ###....
 Call Imp                 Summ           #.......     24%         2    ###....
 Slow                     Hex            #.......     24%         2    ###....
 Throw Frost              Conj/Ice       #.....       24%         2    ###....
 Conjure Flame            Conj/Fire      #.......     43%         3    ####...
 Mephitic Cloud           Conj/Pois/Air  #.......     43%         3    ####...
 Ozocubu's Armour         Chrm/Ice       #.......     43%         3    ####...
 Summon Ice Beast         Ice/Summ       #.......     82%         4    #####..
 Throw Icicle             Conj/Ice       #.......     82%         4    #####..


Dungeon Overview and Level Annotations

Branches:
Dungeon (9/15)             Temple (1/1) D:4            Lair (0/6) D:8
    Orc: D:9-12

Altars:
Ashenzari
Cheibriados
Dithmenos
Elyvilon
Fedhas
Gozag
Hepliaklqana
Kikubaaqudgha
Makhleb
Nemelex Xobeh
Okawaru
Qazlal
Ru
Sif Muna
Trog
Uskayaw
Vehumet
Wu Jian
Xom
Yredelemnul
Zin
The Shining One

Shops:
D:5 :   D:8 [   D:9 [:

Annotations:
D:7 2 transporters


Innate Abilities, Weirdness & Mutations

Your body is rotting away.
You thrive on raw meat.
You are immune to poison.
You have sharp fingernails.
You are carnivorous and can eat meat at any time.
Your flesh is cold resistant. (rC+)
You are immune to negative energy. (rN+++)
You do not regenerate when monsters are visible.
You are immune to unholy pain and torment.
You can survive without breathing.


Message History

You kill the yak!
Makhleb accepts your kill. The yak gores you!
You hit the yak but do no damage.
The yak goes berserk!
The yak barely misses you. The yak gores you! The yak gores you.
You hit the yak. The yak misses you. The yak gores you!
The yak closely misses you. The yak gores you!
* * * LOW HITPOINT WARNING * * *
You thump the yak! You drain the yak. The yak closely misses you.
The yak misses you. The yak barely misses you.
You sock the yak! You burn the yak. The yak closely misses you. x2
The yak completely misses you.
Psyche the Insane Magess comes into view.
She is wielding a +2 dagger of chaos.
The yak barely misses you. The yak gores you.
* * * LOW HITPOINT WARNING * * *
Psyche shouts!
You sock the yak!
The yak looks as sick as possible!
The yak misses you.
Psyche gestures wildly while chanting.
Psyche seems to speed up.
The yak misses you. The yak gores you!
* * * LOW HITPOINT WARNING * * *
You barely miss the yak.
You kill the yak!
Makhleb accepts your kill.
You feel better. Psyche closely misses you. The yak closely misses you.
Psyche points at you and mumbles some strange words.
The magic dart hits you.
* * * LOW HITPOINT WARNING * * *
The yak gores you!
* * * LOW HITPOINT WARNING * * *
You bludgeon Psyche!!
Psyche looks as sick as possible!
Psyche hits you but does no damage.
Psyche gestures wildly while chanting.
Psyche flickers and vanishes!
The yak gores you!
* * * LOW HITPOINT WARNING * * *
Something barely misses you. The yak barely misses you.
Something hits you but does no damage. Makhleb accepts your kill.
Reactivating autopickup.
Your Maces & Flails skill increases to level 3!
Your Stealth skill increases to level 8!
You feel a bit more experienced.
Okay, then.
The yak gores you!
* * * LOW HITPOINT WARNING * * *
You sock the yak! You drain the yak. The yak misses you.
You sock the yak! The yak gores you.
* * * LOW HITPOINT WARNING * * *
The yak gores you!
You die...

.##.#. .. ..... ####.#.
#.....)###### #...#
#....†....#### #. #...#
#.>..).......## #.##...#
#.......[.##..# #.##...#
##
#.........###Y####.##.>.##
.. #.........#
#.@##..p.....#.###
#........†#
##.##........K...#
#.........#
#..#.......p.....
#.........#
##.#............#
#.........#
#.##.######....#
########.## #..#)# ...#
#.# ##.#.# ### #. #$#†#
##### #.#.# #...#


You could see a yak.

Vanquished Creatures
  Pikel (D:9)
  Psyche (D:9)
  A hippogriff (D:8)
  A wyvern (D:8)
  8 yaks (D:9)
  Grum (D:8)
  3 chaos spawn (D:8)
  A naga (D:9)
  2 water moccasins
  An ice beast (D:7)
  A sky beast (D:7)
  2 ogres
  A wolf (D:8)
  3 centaurs
  3 phantoms
  A big kobold (D:7)
  4 elf zombies (Ossuary)
  5 bullfrogs
  A scorpion (D:6)
  3 killer bees (D:9)
  13 wights
  A bullfrog zombie (D:5)
  A crimson imp (D:4)
  2 centaur zombies
  2 human zombies (Ossuary)
  2 orc priests
  4 orc wizards
  4 bullfrog skeletons
  4 hounds
  A jelly (D:2)
  2 iguanas
  Ijyb (D:4)
  Terence (D:3)
  3 worker ants
  A big kobold zombie (Ossuary)
  A hound zombie (Ossuary)
  3 mummies (Ossuary)
  A howler monkey zombie (D:7)
  Robin (D:3)
  A howler monkey skeleton (D:5)
  6 adders
  A shadow imp (D:9)
  4 adder zombies (Ossuary)
  An adder skeleton (D:5)
  5 worms
  2 dart slugs
  5 leopard geckos
  16 orcs
  4 giant cockroaches
  14 goblins
  8 hobgoblins
  10 jackals
  4 quokkas
  7 bats
  6 frilled lizards
  A gnoll zombie (Ossuary)
  5 goblin zombies (Ossuary)
  2 hobgoblin zombies (Ossuary)
  A jackal zombie (Ossuary)
  13 kobolds
  5 kobold zombies (Ossuary)
  A leopard gecko skeleton (D:6)
  4 quokka zombies (Ossuary)
  7 rats
  4 rat zombies (Ossuary)
  A spectral orc (D:2)
230 creatures vanquished.

Vanquished Creatures (others)
  A slave (D:9)
  A necrophage (D:9)
  An ogre (D:9)
  A centaur (D:6)
  A bullfrog (D:6)
5 creatures vanquished.

Grand Total: 235 creatures vanquished

Notes
Turn   | Place    | Note
-------+----------+-------------------------------------------
     0 | D:1      | MalarOregon the Ghoul Gladiator began the quest for the
                  | Orb.
     0 | D:1      | Reached XP level 1. HP: 17/17 MP: 0/0
    58 | D:1      | Reached XP level 2. HP: 14/25 MP: 1/1
   452 | D:1      | You fall through a shaft!
   473 | D:2      | Reached XP level 3. HP: 19/30 MP: 2/2
  1557 | D:2      | Found a basalt altar of Yredelemnul.
  1659 | D:2      | Reached skill level 1 in Stealth
  1659 | D:2      | Reached XP level 4. HP: 27/35 MP: 3/3
  2641 | D:3      | Noticed Robin
  2654 | D:3      | Reached XP level 5. HP: 30/45 MP: 4/4
  2788 | D:3      | Killed Robin
  2844 | D:3      | Reached skill level 2 in Stealth
  3119 | D:3      | Noticed Terence
  3144 | D:3      | Killed Terence
  3363 | D:3      | Reached XP level 6. HP: 20/51 MP: 5/5
  3787 | D:3      | Found a glowing silver altar of Zin.
  3788 | D:3      | Found a white marble altar of Elyvilon.
  3794 | D:3      | Found a glowing golden altar of the Shining One.
  3988 | D:4      | Noticed Ijyb
  4012 | D:4      | Killed Ijyb
  4045 | D:4      | Noticed a phantom
  4095 | D:4      | Killed a phantom
  4095 | D:4      | Reached skill level 3 in Stealth
  4153 | D:4      | Found a staircase to the Ecumenical Temple.
  4326 | Temple   | Entered the Ecumenical Temple
  4450 | Temple   | Became a worshipper of Ru the Awakened
  4573 | D:4      | Reached XP level 7. HP: 56/59 MP: 6/6
  4600 | D:4      | Found a radiant altar of Vehumet.
  4919 | D:4      | Found a burning altar of Makhleb.
  5106 | D:5      | Entered Level 5 of the Dungeon
  5184 | D:4      | Fell from the grace of Ru
  5184 | D:4      | Became a worshipper of Makhleb the Destroyer
  5368 | D:5      | Reached skill level 4 in Stealth
  5555 | D:5      | Found Loman's Book Shop.
  5567 | D:5      | Found a deep blue altar of Sif Muna.
  5685 | D:5      | Reached XP level 8. HP: 63/66 MP: 7/7
  6089 | D:6      | Reached skill level 5 in Fighting
  6120 | D:6      | Reached * piety under Makhleb
  6170 | D:6      | Found a burning altar of Makhleb.
  6207 | D:6      | Found a sand-covered staircase.
  6216 | Ossuary  | Entered an ossuary
  6413 | Ossuary  | Reached skill level 5 in Stealth
  6740 | Ossuary  | Reached skill level 5 in Dodging
  6752 | Ossuary  | Reached skill level 5 in Short Blades
  6875 | Ossuary  | Reached skill level 1 in Invocations
  6958 | Ossuary  | Reached ** piety under Makhleb
  7083 | D:6      | Reached XP level 9. HP: 31/73 MP: 7/9
  8613 | D:6      | Found a hazy altar of Hepliaklqana.
  8790 | D:7      | Reached skill level 5 in Throwing
  8846 | D:7      | Found a transporter.
  8851 | D:7      | Noticed a two-headed ogre
  9013 | D:7      | Reached skill level 6 in Stealth
  9318 | D:7      | Noticed an eight-headed hydra
  9336 | D:7      | Found a transporter.
  9809 | D:8      | Found Viereoq's Armour Shop.
  9814 | D:8      | Bought the +1 robe of Theory {rPois Regen+ Int+3} for 255
                  | gold pieces
  9861 | D:8      | Found a staircase to the Lair.
  9969 | D:8      | Found a shimmering altar of Xom.
  9971 | D:8      | Found the +7 mace of Variability {chain chaos}
  9971 | D:8      | Paralysed by a chaos spawn for 2 turns
 10066 | D:8      | Reached XP level 10. HP: 84/84 MP: 11/11
 10483 | D:8      | Noticed Grum
 10491 | D:8      | Killed Grum
 10491 | D:8      | Reached skill level 1 in Maces & Flails
 10491 | D:8      | Reached skill level 7 in Stealth
 10930 | D:9      | Found Tiggux's Armour Boutique.
 11025 | D:9      | Reached *** piety under Makhleb
 11076 | D:9      | Found Voahiaqe's Book Boutique.
 11109 | D:9      | Reached skill level 5 in Invocations
 11117 | D:9      | Noticed Pikel
 11131 | D:9      | Killed Pikel
 11178 | D:9      | Noticed Psyche
 11183 | D:9      | Killed Psyche
 11183 | D:9      | Reached skill level 8 in Stealth
 11190 | D:9      | HP: 3/87 [yak (8)]
 11192 | D:9      | HP: 1/87 [yak (2)]
 11192 | D:9      | Mangled by a yak

Skill      XL: |  1  2  3  4  5  6  7  8  9 10 |
---------------+-------------------------------+-----
Throwing       | 2 3 4 5 6 |  6.4
Short Blades   | 3 4 5 6 |  6.0
Dodging        | 3 4 5 6 |  6.8
Fighting       | 3 4 5 6 7 |  7.8
Stealth        | 1 2 3 4 5 6 8 |  8.0
Invocations    | 1 3 5 |  5.4
Maces & Flails | 3 |  3.0

Action                   |  1- 3 |  4- 6 |  7- 9 | 10-12 || total
-------------------------+-------+-------+-------+-------++-------
Melee: Rapier            |   103 |   275 |   600 |       ||   978
       Dagger            |       |       |   131 |       ||   131
       Great mace        |       |       |     1 |   109 ||   110
 Fire: Blowgun           |       |     5 |       |       ||     5
Throw: Stone             |     5 |       |       |       ||     5
  Use: Scroll            |       |     7 |     7 |       ||    14
       Potion            |       |     4 |     3 |       ||     7
 Stab: Sleeping          |       |     3 |     7 |     8 ||    18
       Distracted        |       |       |     2 |       ||     2
  Eat: Chunk             |     2 |    18 |    26 |     1 ||    47
       Ration            |       |     1 |     1 |       ||     2
Armor: Leather armour    |    29 |    85 |   173 |       ||   287
       Robe              |       |       |     3 |    31 ||    34
Dodge: Dodged            |    78 |   208 |   437 |   144 ||   867
